 Seeded DCSS version 0.29-a0-23-ga79f92ac9c (webtiles) character file.

Game seed: 10000000000011 (custom seed)

3283 knot the Cleaver (level 9, -4/87 (94) HPs)
             Began as a Demonspawn Berserker on Jan 31, 2022.
             Was a Believer of Trog.
             Slain by a two-headed ogre (8 damage)
             ... on level 8 of the Dungeon.
             The game lasted 00:08:36 (9492 turns).

knot the Cleaver (Demonspawn Berserker)             Turns: 9492, Time: 00:08:37

HP:   -4/87 (94)    AC: 11    Str: 17    XL:     9   Next: 69%
MP:   0/9           EV:  7    Int: 13    God:    Trog [**....]
Gold: 140           SH:  5    Dex: 13    Spells: 8/8 levels left

rFire   . . .      SeeInvis .   a - +0 hand axe
rCold   + . .      Faith    .   (no shield)
rNeg    . . .      Spirit   +   y - +1 chain mail of Urghimes {Fly rPois rC+ Slay-2 Stlth+}
rPois   +          Reflect  +   (no helmet)
rElec   .          Harm     .   x - +1 cloak {Stlth+}
rCorr   .          Rampage  .   (gloves unavailable)
Will    .....                   (no boots)
Stlth   ..........              d - amulet of reflection
HPRegen 1.24/turn               (no ring)
MPRegen 0.22/turn               (no ring)

@: berserking, flying, drained, very quick
A: powered by death 1, magic shield, magic regeneration, demonic touch 3
a: Renounce Religion, Berserk, Trog's Hand


You were on level 8 of the Dungeon.
You worshipped Trog.
Trog was pleased with you.
You visited 1 branch of the dungeon, and saw 8 of its levels.

You collected 480 gold pieces.
You spent 340 gold pieces at shops.

Inventory:

Hand Weapons
 a - a +0 hand axe (weapon)
Missiles
 b - 22 sling bullets
 f - 194 stones
 j - 6 poisoned darts
 p - 9 boomerangs (quivered)
 z - a curare-tipped dart
Armour
 x - a +1 cloak of stealth (worn)
 y - the +1 chain mail of Urghimes (worn) {Fly rPois rC+ Slay-2 Stlth+}
   (You bought it in a shop on level 3 of the Dungeon)

   Slay:      It affects your accuracy & damage with ranged weapons and melee
   (-2).
   rC:        It protects you from cold.
   rPois:     It protects you from poison.
   Fly:       It grants you flight.
   Stlth:     It makes you more stealthy.
Jewellery
 d - an amulet of reflection (around neck)
Wands
 o - a wand of polymorph (12)
 q - a wand of charming (1)
 r - a wand of flame (26)
 v - a wand of iceblast (8)
Scrolls
 c - a scroll of amnesia {unknown}
 i - 3 scrolls of identify {unknown}
 m - 2 scrolls of blinking {unknown}
 n - a scroll of fog {unknown}
 s - 2 scrolls of holy word {unknown}
 u - 2 scrolls of teleportation {unknown}
Potions
 e - 4 potions of curing {unknown}
 g - a potion of lignification {unknown}
 h - a potion of might {unknown}
 k - a potion of magic {unknown}
 l - a potion of heal wounds {unknown}
 t - a potion of brilliance {unknown}
 w - 2 potions of resistance {unknown}


   Skills:
 - Level 3.0 Fighting
 * Level 11.0 Axes
 * Level 6.6 Throwing
 - Level 1.7 Armour
 - Level 1.7 Dodging


You had 8 spell levels left.
You didn't know any spells.
Your spell library contained the following spells:

 Spells                   Type           Power      Damage    Failure   Level
 Corpse Rot               Necr/Air       0%         N/A       100%        2
 Ensorcelled Hibernation  Hex/Ice        0%         N/A       100%        2
 Passwall                 Tmut/Erth      0%         N/A       100%        2
 Poisonous Vapours        Pois/Air       0%         N/A       100%        2
 Ozocubu's Armour         Ice            0%         N/A       100%        3
 Swiftness                Air            0%         N/A       100%        3
 Tukima's Dance           Hex            0%         N/A       100%        3
 Anguish                  Hex/Necr       0%         N/A       100%        4
 Metabolic Englaciation   Hex/Ice        0%         N/A       100%        5
 Simulacrum               Ice/Necr       0%         N/A       100%        6
 Enfeeble                 Hex            0%         N/A       100%        7


Dungeon Overview and Level Annotations

Branches:
Dungeon (8/15)             Temple (0/1) D:4
   Lair: D:8-11

Altars:
Okawaru
Ru
Uskayaw

Shops:
D:3 [


Innate Abilities, Weirdness & Mutations

You regenerate a little health from kills.
When hurt, damage is shared between your health and your magic reserves.
You regenerate magic rapidly.
Your touch may irresistibly damage your foes and sap their willpower.


Message History

You hit the wight. You slash the wight!
You destroy the wight!
Trog accepts your kill.
You can now call upon Trog for regeneration and willpower.
You hit the two-headed ogre.
The two-headed ogre is lightly wounded.
You slash the two-headed ogre!
The two-headed ogre is moderately wounded.
You barely miss the two-headed ogre.
You touch the two-headed ogre.
You sap its willpower!
The two-headed ogre is moderately wounded.
The two-headed ogre barely misses you. x2
You closely miss the two-headed ogre. Your touch misses the two-headed ogre.
The two-headed ogre is moderately wounded.
You barely miss the two-headed ogre.
The two-headed ogre is moderately wounded.
The two-headed ogre hits you with a +0 giant spiked club!!
The two-headed ogre hits you with a +0 giant club.
You hit the two-headed ogre but do no damage.
You punch the two-headed ogre.
The two-headed ogre is moderately wounded.
You completely miss the two-headed ogre.
The two-headed ogre is moderately wounded.
The two-headed ogre hits you with a +0 giant spiked club!
The two-headed ogre hits you with a +0 giant club!
* * * LOW HITPOINT WARNING * * *
You are too injured to fight recklessly!
You are too injured to fight recklessly!
You hit the two-headed ogre.
You touch the two-headed ogre.
You sap its willpower!
The two-headed ogre is heavily wounded.
You slash the two-headed ogre!
The two-headed ogre is severely wounded.
You barely miss the two-headed ogre. Your touch misses the two-headed ogre.
The two-headed ogre is severely wounded.
The two-headed ogre hits you with a +0 giant spiked club!!
* * * LOW HITPOINT WARNING * * *
The two-headed ogre hits you with a +0 giant club!
You die...

###############
.......<..).)@#
.###..#######O#
#. .z.# # #...#
#...# ...!.
...... .......


You could see a two-headed ogre (weak-willed) and a wight.

Vanquished Creatures
  Harold (D:8)
  Joseph (D:7)
  A kobold demonologist (D:5)
  A black bear (D:5)
  A necrophage (D:6)
  An ice beast (D:7)
  4 ogres
  A phantom (D:6)
  A kobold brigand (D:7)
  5 scorpions
  A wyvern zombie (D:7)
  A wyvern skeleton (D:7)
  Dowan (D:4)
  8 wights
  A howler monkey (D:5)
  A centaur zombie (D:5)
  An orc priest (D:4)
  3 hounds
  2 jellies
  2 bullfrog skeletons
  3 centaur skeletons
  Ijyb (D:4)
  An orc wizard (D:7)
  A scorpion zombie (D:5)
  7 adders
  A river rat (D:4)
  A shadow imp (D:7)
  A white imp (D:5)
  14 orcs
  6 endoplasms
  2 giant cockroaches
  5 goblins
  5 hobgoblins
  14 jackals
  A quokka (D:4)
  4 ball pythons
  7 bats
  5 frilled lizards
  6 kobolds
  5 rats
128 creatures vanquished.

Vanquished Creatures (others)
  A kobold (D:7)
1 creature vanquished.

Grand Total: 129 creatures vanquished

Notes
Turn   | Place    | Note
-------+----------+-------------------------------------------
     0 | D:1      | knot the Demonspawn Berserker began the quest for the Orb.
     0 | D:1      | Reached XP level 1. HP: 18/18 MP: 1/1
    52 | D:1      | Reached skill level 3 in Axes
   173 | D:1      | Gained mutation: You regenerate magic rapidly. [demonic
                  | ancestry]
   173 | D:1      | Reached XP level 2. HP: 16/24 MP: 2/2
  1205 | D:2      | Gained mutation: Your touch may inflict minor irresistible
                  | damage on your foes. [demonic ancestry]
  1205 | D:2      | Reached XP level 3. HP: 26/29 MP: 3/3
  1247 | D:2      | Reached ** piety under Trog
  1277 | D:2      | Reached skill level 4 in Axes
  1773 | D:2      | Reached XP level 4. HP: 35/35 MP: 4/4
  2354 | D:3      | Noticed an ogre
  2362 | D:3      | Killed an ogre
  2363 | D:3      | Reached skill level 5 in Axes
  2363 | D:3      | Reached XP level 5. HP: 37/41 MP: 5/5
  2638 | D:3      | Found Daocsar's Antique Armour Emporium.
  2942 | D:4      | Reached skill level 6 in Axes
  3174 | D:4      | Gained mutation: Your touch may inflict irresistible damage
                  | on your foes. [demonic ancestry]
  3174 | D:4      | Reached XP level 6. HP: 47/47 MP: 6/6
  3431 | D:4      | Noticed Ijyb
  3463 | D:4      | Killed Ijyb
  3521 | D:4      | Noticed Duvessa
  3521 | D:4      | Noticed Dowan
  3534 | D:4      | Noticed Duvessa
  3534 | D:4      | Duvessa changed into Duvessa the river rat
  3555 | D:4      | Killed Duvessa the river rat
  3744 | D:4      | Killed Dowan
  4050 | D:4      | Found a staircase to the Ecumenical Temple.
  4285 | D:5      | Entered Level 5 of the Dungeon
  4294 | D:5      | Noticed a kobold demonologist
  4298 | D:5      | Noticed a hellwing
  4305 | D:5      | Killed a kobold demonologist
  4306 | D:5      | Reached skill level 7 in Axes
  4306 | D:5      | Gained mutation: When hurt, damage is shared between your
                  | health and your magic reserves. [demonic ancestry]
  4306 | D:5      | Reached XP level 7. HP: 52/52 MP: 7/7
  4378 | D:5      | Reached skill level 8 in Axes
  5411 | D:5      | Reached skill level 1 in Throwing
  5411 | D:5      | Gained mutation: You regenerate a little health from kills.
                  | [demonic ancestry]
  5411 | D:5      | Reached XP level 8. HP: 58/58 MP: 8/8
  5779 | D:5      | Reached skill level 9 in Axes
  6122 | D:5      | Found a hide-covered altar of Uskayaw.
  7167 | D:6      | Found an iron altar of Okawaru.
  7922 | D:7      | Found a sacrificial altar of Ru.
  8171 | D:7      | Reached skill level 10 in Axes
  8463 | D:3      | Bought a runed cloak for 150 gold pieces
  8463 | D:3      | Bought an ichor-stained chain mail for 190 gold pieces
  8463 | D:3      | Identified the +1 chain mail of Urghimes {Fly rPois rC+
                  | Slay-2 Stlth+} (You bought it in a shop on level 3 of the
                  | Dungeon)
  8556 | D:7      | Noticed Joseph
  8572 | D:7      | Killed Joseph
  8573 | D:7      | Reached skill level 5 in Throwing
  8573 | D:7      | Gained mutation: Your touch may irresistibly damage your
                  | foes and sap their willpower. [demonic ancestry]
  8573 | D:7      | Reached XP level 9. HP: 63/63 MP: 7/9
  9244 | D:8      | Noticed Harold
  9260 | D:8      | Killed Harold
  9333 | D:8      | Reached skill level 11 in Axes
  9476 | D:8      | Noticed a two-headed ogre
  9492 | D:8      | HP: 4/87 [two-headed ogre (16)]
  9492 | D:8      | Slain by a two-headed ogre

Illustrated notes

Levels and vault maps discovered:
D:1:      lordsloth_arrival_two_stooges, layout_basic, grunt_decor_fettered,
          minmay_misc_feat_diagonals, nicolae_concentric_dashed_squares_wild
D:2:      layout_rooms, hangedman_decor_clover_reticule
D:3:      layout_basic, serial_shops, shop, kennysheep_path_1
D:4:      layout_rooms, temple_doors_e, uniq_duvessa, uniq_ijyb
D:5:      layout_loops_cross, nicolae_uskayaw_suspiria, item_on_display_a
D:6:      layout_rooms, nicolae_overflow_hidden_temple, grunt_ministairs_6
D:7:      layout_loops_ring, nicolae_ru_awakened_eye, palyth_stone_intersect,
          minmay_misc_feat_alley, minivault_27, uniq_joseph
D:8:      layout_loops_ring, ebering_ghost_disaster_area,
          nicolae_shop_self_help, uniq_harold, uniq_erica, uniq_prince_ribbit1

Skill      XL: |  1  2  3  4  5  6  7  8  9 |
---------------+----------------------------+-----
Axes           | 3 4 5 6 7 8 10 11 | 11.0
Throwing       | 1 5 6 |  6.6
Fighting       | |  3.0
Armour         | |  1.7
Dodging        | |  1.7

Action                   |  1- 3 |  4- 6 |  7- 9 || total
-------------------------+-------+-------+-------++-------
Melee: Hand axe          |    89 |   100 |   230 ||   419
       Punch             |     1 |       |     1 ||     2
       Touch             |     5 |    15 |    37 ||    57
Throw: Stone             |       |     1 |       ||     1
       Boomerang         |       |       |    66 ||    66
Invok: Berserk           |     1 |     8 |    17 ||    26
       Trog's Hand       |       |     1 |       ||     1
Evoke: Wand              |       |     4 |     2 ||     6
 Stab: Sleeping          |       |     2 |       ||     2
Armor: Animal skin       |    18 |     4 |    17 ||    39
       Chain mail        |       |       |    19 ||    19
Dodge: Dodged            |    60 |    50 |    81 ||   191
Block: Other             |    22 |    22 |    28 ||    72
       Reflection        |       |       |     1 ||     1

Table legend: (Time is in decaauts)
 A = Elapsed time spent in this place.
 B = Non-inter-level travel time spent in this place.
 C = Inter-level travel time spent in this place.
 D = Time resting spent in this place.
 E = Time spent auto-exploring this place.
 F = Levels seen in this place.
 G = Mean time per level.
                   A        B        C        D        E       F      G
               +--------+--------+--------+--------+--------+-----+--------+
         Total |   9687 |   9276 |    411 |   4018 |   4189 |   8 | 1210.9 |
       Dungeon |   9687 |   9276 |    411 |   4018 |   4189 |   8 | 1210.9 |
               +--------+--------+--------+--------+--------+-----+--------+

Top non-repeatable levels by time:
     D:5: 2047 daAuts
     D:7: 1566 daAuts
     D:6: 1393 daAuts
     D:3: 1292 daAuts
     D:1: 1199 daAuts
     D:4: 1048 daAuts
     D:2: 921 daAuts
     D:8: 219 daAuts
